Golden Knights vs Panthers
Created - April 18, 2022 at 20:12
Goals
|
Golden Knights |
1 |
3 |
1 |
5 |
Panthers |
1 |
2 |
0 |
3 |
|
Shots
|
Golden Knights |
9 |
11 |
14 |
34 |
Panthers |
21 |
4 |
11 |
36 |
|
1st period
1. Panthers , Ryan O'Reilly 27 (Teuvo Teravainen 22, Jussi Jokinen 26) at 14:04
2. Golden Knights , Andrei Loktionov 27 (Tom Wilson 8, Danny DeKeiser 12) at 19:18
Penalties :
No Penalty
2nd period
3. Golden Knights , Chris Tierney 6 (Zach Bogosian 39) at 8:10
4. Golden Knights , Damien Brunner 3 (Zach Bogosian 40) at 9:29
5. Golden Knights , Damien Brunner 4 (Chris Tierney 8, Thomas Vanek 5) at 17:12
6. Panthers , Alex Galchenyuk 32 (Matt Duchene 45, Oscar Klefbom 30) at 17:30
7. Panthers , Ryan O'Reilly 28 (Jake Gardiner 19, Tyler Weiman) at 19:51 (PP)
Penalties :
Zach Bogosian (Veg) for High sticking (Double Minor) at 3:47, Andrew Cogliano (Veg) for Interference (Minor) at 9:52, Olli Maatta (Veg) for Interference (Minor) at 19:18
3rd period
8. Golden Knights , Damien Brunner 5 (Chris Tierney 9) at 11:53
Penalties :
Matt Duchene (Flo) for Goalie Interference (Minor) at 0:23, Jussi Jokinen (Flo) for High sticking (Minor) at 5:34, Martin Hanzal (Veg) for Roughing (Minor) at 9:02, Dany Heatley (Flo) for Interference (Minor) at 19:09
Goalie Stats
Matt Hackett (Veg), 33 saves from 36 shots - (0.917), W, 5-4-1, 60:00 minutes
Petr Mrazek (Flo), 14 saves from 18 shots - (0.778), L, 27-15-4, 37:12 minutes
Tyler Weiman (Flo), 15 saves from 16 shots - (0.938), 22:48 minutes
Players Stats for Golden Knights
Player Name G A P +/- PIM S H SB GA TA FO MP PP MP PK MP
------------------------------------------------------------------------------------
Andrei Loktionov 1 0 1 0 0 4 4 1 0 1 11/31 24:54 2:45 4:08
Andrew Cogliano 0 0 0 0 2 4 2 0 0 1 0/0 20:35 2:45 3:05
Chris Tierney 1 2 3 3 0 2 1 0 0 0 2/6 16:24 0:00 1:33
Damien Brunner 3 0 3 2 0 7 0 1 0 0 1/1 16:08 2:03 0:00
Danny DeKeiser 0 1 1 1 0 1 2 0 0 1 0/0 19:57 1:56 3:02
Eric Gryba 0 0 0 1 0 1 4 0 0 0 0/0 19:30 1:56 2:26
Jamie Oleksiak 0 0 0 0 0 0 0 0 0 0 0/0 4:14 0:00 1:27
Kellan Lain 0 0 0 0 0 0 3 1 0 0 0/0 18:07 2:03 3:10
Luke Glendening 0 0 0 0 0 1 0 0 1 0 1/2 15:23 0:00 1:53
Martin Hanzal 0 0 0 0 2 1 0 0 1 0 0/0 5:11 0:00 0:00
Mathew Dumba 0 0 0 1 0 0 0 1 0 2 0/0 25:15 2:52 5:19
Matt Stajan 0 0 0 0 0 1 2 1 0 0 4/10 16:29 2:03 1:40
Nathan Horton 0 0 0 0 0 0 0 0 0 0 0/0 7:53 2:45 0:00
Olli Maatta 0 0 0 1 2 0 0 0 0 1 0/0 13:23 0:00 1:32
Thomas Vanek 0 1 1 3 0 3 2 1 0 0 0/0 16:23 0:00 1:31
Tom Wilson 0 1 1 0 0 2 2 1 0 0 1/1 13:37 0:00 0:00
Vladimir Mihalik 0 0 0 1 0 1 0 0 0 1 0/0 11:52 0:00 0:00
Zach Bogosian 0 2 2 2 4 6 2 3 1 1 0/0 26:11 2:52 3:14
Players Stats for Panthers
Player Name G A P +/- PIM S H SB GA TA FO MP PP MP PK MP
------------------------------------------------------------------------------------
Alex Galchenyuk 1 0 1 1 0 5 2 0 2 0 0/1 21:38 4:03 1:53
Dalton Prout 0 0 0 0 0 0 3 3 1 0 0/0 18:56 3:38 1:32
Dany Heatley 0 0 0 -1 2 0 2 0 1 0 0/0 8:36 0:46 0:58
Daultan Leveillé 0 0 0 -1 0 0 1 0 0 0 0/0 7:47 0:42 0:12
Drew Stafford 0 0 0 -4 0 1 0 1 0 0 0/0 14:38 0:46 2:43
Erik Gudbranson 0 0 0 -2 0 4 3 1 0 0 0/0 27:09 4:15 3:16
Jake Gardiner 0 1 1 -1 0 2 0 3 0 0 0/0 21:45 3:38 3:16
Jeremy Morin 0 0 0 -4 0 0 3 2 0 0 0/0 11:06 0:00 0:00
Jonathan Sigalet 0 0 0 -1 0 1 2 1 1 0 0/0 13:55 0:37 0:00
Josh Gorges 0 0 0 -1 0 1 2 0 1 0 0/0 16:43 0:37 1:32
Jussi Jokinen 0 1 1 1 2 3 0 0 1 0 0/0 17:00 3:41 0:00
Matt Duchene 0 1 1 1 2 3 1 0 0 0 20/28 19:50 4:07 0:00
Max Reinhart 0 0 0 -4 0 2 0 0 0 0 1/6 13:49 0:00 2:43
Nail Yakupov 0 0 0 -1 0 3 0 0 0 0 0/0 6:29 0:00 0:00
Oscar Klefbom 0 1 1 -1 0 2 1 2 0 1 0/0 21:32 4:15 0:00
Ryan O'Reilly 2 0 2 1 0 3 4 0 0 0 9/14 18:08 3:41 1:07
Teuvo Teravainen 0 1 1 1 0 1 2 0 0 1 0/0 16:42 3:41 0:00
Tyler Toffoli 0 0 0 1 0 5 1 0 1 1 1/2 19:26 4:03 0:00
3 Stars
1 - Damien Brunner (Veg)
2 - Chris Tierney (Veg)
3 - Ryan O'Reilly (Flo)
Power Play
Golden Knights - 0 on 3 Attempt(s) - 0.00%
Panthers - 1 on 5 Attempt(s) - 20.00%
Penalty Kill
Golden Knights - 4 on 5 Attempt(s) - 80.00%
- Score 0 goal in Penalty Kill
Panthers - 3 on 3 Attempt(s) - 100.00%
- Score 0 goal in Penalty Kill
Team Stat
Golden Knights - Hits : 24 - Faceoff Wins : 20 - Blocked Shots : 10 - Penalty Minutes : 10
Panthers - Hits : 27 - Faceoff Wins : 31 - Blocked Shots : 13 - Penalty Minutes : 6
Official
Referees : Dan Kelly and Jean Hebert
Linesman : Travis Toomey and Derek Nansen
Game Notes
Tyler Weiman enters game at 17:12 of 2nd period
Damien Brunner has scored a Hat Trick!
Finance
Level 1 -- Attendance: 5878 (97.97%) -- Ticket Income $587,800
Level 2 -- Attendance: 5000 (100.00%) -- Ticket Income $300,000
Level 3 -- Attendance: 2000 (100.00%) -- Ticket Income $70,000
Level 4 -- Attendance: 3758 (93.95%) -- Ticket Income $93,950
Luxury Box -- Attendance: 1000 (100.00%) -- Ticket Income $200,000
Game was played at the BBT Center.
Total Attendance: 17636 (97.98%)
Total Ticket Income: $1,251,750
Other Income: $187,762
Total Income: $1,439,512
Golden Knights
5 vs 5 Forward
Center Left Wing Right Wing Time % Phy DF OF
1 Andrei Loktionov Andrew Cogliano Tom Wilson 40 1 2 2
2 Matt Stajan Kellan Lain Luke Glendening 30 1 2 2
3 Chris Tierney Thomas Vanek Damien Brunner 20 1 2 2
4 Martin Hanzal Andrei Loktionov Nathan Horton 10 1 2 2
5 vs 5 Defense
Defense Defense Time % Phy DF OF
1 Zach Bogosian Mathew Dumba 40 1 2 2
2 Danny DeKeiser Eric Gryba 30 1 2 2
3 Vladimir Mihalik Olli Maatta 20 1 2 2
4 Jamie Oleksiak Zach Bogosian 10 1 2 2
PowerPlay Forward
Center Left Wing Right Wing Time % Phy DF OF
1 Andrei Loktionov Andrew Cogliano Nathan Horton 60 1 2 2
2 Matt Stajan Kellan Lain Damien Brunner 40 1 2 2
PowerPlay Defense
Defense Defense Time % Phy DF OF
1 Zach Bogosian Mathew Dumba 60 1 2 2
2 Danny DeKeiser Eric Gryba 40 1 2 2
Penalty Kill 4 Players Forward
Center Wing Time % Phy DF OF
1 Andrei Loktionov Andrew Cogliano 60 1 2 2
2 Matt Stajan Kellan Lain 40 1 2 2
Penalty Kill 4 Players Defense
Defense Defense Time % Phy DF OF
1 Zach Bogosian Mathew Dumba 60 1 2 2
2 Danny DeKeiser Eric Gryba 40 1 2 2
Penalty Kill - 3 Players Forward
Forward Time % Phy DF OF
1 Andrei Loktionov 60 1 2 2
2 Andrew Cogliano 40 1 2 2
Penalty Kill - 3 Players Defense
Defense Defense Time % Phy DF OF
1 Zach Bogosian Mathew Dumba 60 1 2 2
2 Danny DeKeiser Eric Gryba 40 1 2 2
4 vs 4 Forward
Center Wing Time % Phy DF OF
1 Andrei Loktionov Andrew Cogliano 60 1 2 2
2 Matt Stajan Kellan Lain 40 1 2 2
4 vs 4 Defense
Defense Defense Time % Phy DF OF
1 Zach Bogosian Mathew Dumba 60 1 2 2
2 Danny DeKeiser Eric Gryba 40 1 2 2
Last Minutes Offensive
Center Left Wing Right Wing Defense Defense
Andrei Loktionov Andrew Cogliano Nathan Horton Zach Bogosian Mathew Dumba
Last Minutes Defensive
Center Left Wing Right Wing Defense Defense
Andrei Loktionov Andrew Cogliano Nathan Horton Zach Bogosian Mathew Dumba
Goaltenders
Starting : Matt Hackett
Backup : Ondrej Pavelec
Extra Forwards
Normal : Thomas Vanek, Chris Tierney, Luke Glendening - PP : Thomas Vanek, Chris Tierney - PK : Luke Glendening
Extra Defensemen
Normal : Vladimir Mihalik, Olli Maatta, Jamie Oleksiak - PP : Vladimir Mihalik - PK : Olli Maatta, Jamie Oleksiak
Penalty Shots
Andrei Loktionov, Andrew Cogliano, Matt Stajan, Kellan Lain, Thomas Vanek
Scratches
Michael Raffl (Healthy), Shawn Matthias (Healthy)
Panthers
5 vs 5 Forward
Center Left Wing Right Wing Time % Phy DF OF
1 Matt Duchene Alex Galchenyuk Tyler Toffoli 40 0 2 3
2 Ryan O'Reilly Jussi Jokinen Teuvo Teravainen 30 0 2 3
3 Max Reinhart Jeremy Morin Drew Stafford 20 1 2 2
4 Daultan Leveillé Dany Heatley Nail Yakupov 10 1 2 2
5 vs 5 Defense
Defense Defense Time % Phy DF OF
1 Erik Gudbranson Oscar Klefbom 40 0 2 3
2 Jake Gardiner Dalton Prout 30 1 2 2
3 Josh Gorges Jonathan Sigalet 20 1 2 2
4 Erik Gudbranson Jake Gardiner 10 0 2 3
PowerPlay Forward
Center Left Wing Right Wing Time % Phy DF OF
1 Matt Duchene Alex Galchenyuk Tyler Toffoli 60 0 1 4
2 Ryan O'Reilly Jussi Jokinen Teuvo Teravainen 40 0 1 4
PowerPlay Defense
Defense Defense Time % Phy DF OF
1 Erik Gudbranson Oscar Klefbom 60 0 2 3
2 Jake Gardiner Dalton Prout 40 0 2 3
Penalty Kill 4 Players Forward
Center Wing Time % Phy DF OF
1 Max Reinhart Drew Stafford 60 1 3 1
2 Ryan O'Reilly Alex Galchenyuk 40 1 3 1
Penalty Kill 4 Players Defense
Defense Defense Time % Phy DF OF
1 Erik Gudbranson Jake Gardiner 60 1 4 0
2 Dalton Prout Josh Gorges 40 1 4 0
Penalty Kill - 3 Players Forward
Forward Time % Phy DF OF
1 Max Reinhart 60 1 3 1
2 Drew Stafford 40 1 3 1
Penalty Kill - 3 Players Defense
Defense Defense Time % Phy DF OF
1 Erik Gudbranson Jake Gardiner 60 1 4 0
2 Dalton Prout Josh Gorges 40 1 4 0
4 vs 4 Forward
Center Wing Time % Phy DF OF
1 Matt Duchene Alex Galchenyuk 60 0 2 3
2 Ryan O'Reilly Teuvo Teravainen 40 0 2 3
4 vs 4 Defense
Defense Defense Time % Phy DF OF
1 Erik Gudbranson Oscar Klefbom 60 0 2 3
2 Jake Gardiner Dalton Prout 40 1 2 2
Last Minutes Offensive
Center Left Wing Right Wing Defense Defense
Matt Duchene Alex Galchenyuk Tyler Toffoli Erik Gudbranson Oscar Klefbom
Last Minutes Defensive
Center Left Wing Right Wing Defense Defense
Max Reinhart Alex Galchenyuk Drew Stafford Erik Gudbranson Jake Gardiner
Goaltenders
Starting : Petr Mrazek
Backup : Tyler Weiman
Extra Forwards
Normal : Teuvo Teravainen, Alex Galchenyuk, Matt Duchene - PP : Teuvo Teravainen, Alex Galchenyuk - PK : Dany Heatley
Extra Defensemen
Normal : Jake Gardiner, Erik Gudbranson, Oscar Klefbom - PP : Josh Gorges - PK : Josh Gorges, Oscar Klefbom
Penalty Shots
Alex Galchenyuk, Jeremy Morin, Teuvo Teravainen, Ryan O'Reilly, Matt Duchene
Scratches
None
% Time on Ice - Golden Knights
Lines # - Real PCT - Wanted PCT - Time Play
Normal Forward
1 - 32% - 40% - 14:50
2 - 29% - 30% - 13:20
3 - 29% - 20% - 13:45
4 - 10% - 10% - 4:47
Normal Defense
1 - 37% - 40% - 17:13
2 - 32% - 30% - 14:59
3 - 25% - 20% - 11:52
4 - 6% - 10% - 2:38
PP Forward
1 - 57% - 60% - 2:45
2 - 43% - 40% - 2:03
PP Defense
1 - 60% - 60% - 2:52
2 - 40% - 40% - 1:56
PK Forward
1 - 80% - 60% - 6:50
2 - 20% - 40% - 1:40
PK Defense
1 - 73% - 60% - 6:11
2 - 27% - 40% - 2:19
PK3 Forward
1 - 0% - 60%
2 - 0% - 40%
PK3 Defense
1 - 0% - 60%
2 - 0% - 40%
44 Forward
1 - 0% - 60%
2 - 0% - 40%
44 Defense
1 - 0% - 60%
2 - 0% - 40%
Last Minute Offensive - 0:00
Last Minute Defensive - 0:00
Total
Forward - 60:00
Defense - 60:00
|
% Time on Ice - Panthers
Lines # - Real PCT - Wanted PCT - Time Play
Normal Forward
1 - 34% - 40% - 15:44
2 - 29% - 30% - 13:23
3 - 24% - 20% - 11:06
4 - 14% - 10% - 6:29
Normal Defense
1 - 38% - 40% - 17:41
2 - 29% - 30% - 13:44
3 - 28% - 20% - 13:15
4 - 4% - 10% - 2:02
PP Forward
1 - 56% - 60% - 4:45
2 - 44% - 40% - 3:45
PP Defense
1 - 57% - 60% - 4:52
2 - 43% - 40% - 3:38
PK Forward
1 - 77% - 60% - 3:41
2 - 23% - 40% - 1:07
PK Defense
1 - 68% - 60% - 3:16
2 - 32% - 40% - 1:32
PK3 Forward
1 - 0% - 60%
2 - 0% - 40%
PK3 Defense
1 - 0% - 60%
2 - 0% - 40%
44 Forward
1 - 0% - 60%
2 - 0% - 40%
44 Defense
1 - 0% - 60%
2 - 0% - 40%
Last Minute Offensive - 0:00
Last Minute Defensive - 0:00
Total
Forward - 60:00
Defense - 60:00
|
Play-by-Play
1st period
0:01 of 1st period - Matt Duchene wins face-off versus Andrei Loktionov in neutral zone.
0:06 of 1st period - Snap shot by Alex Galchenyuk.
0:06 of 1st period - Stopped by Matt Hackett without a rebound.
0:07 of 1st period - Matt Duchene wins face-off versus Andrei Loktionov in Golden Knights zone.
0:32 of 1st period - Wrist shot by Tyler Toffoli.
0:32 of 1st period - Stopped by Matt Hackett with a rebound.
0:34 of 1st period - Slapshot by Tyler Toffoli.
0:34 of 1st period - Shot Misses the Net.
0:58 of 1st period - Slapshot by Tyler Toffoli.
0:58 of 1st period - Shot Misses the Net.
1:00 of 1st period - Snap shot by Erik Gudbranson.
1:00 of 1st period - Shot Misses the Net.
1:02 of 1st period - Snap shot by Alex Galchenyuk.
1:02 of 1st period - Stopped by Matt Hackett without a rebound.
1:03 of 1st period - Ryan O'Reilly wins face-off versus Matt Stajan in Golden Knights zone.
1:30 of 1st period - Max Reinhart is hit by Thomas Vanek and loses puck.
2:05 of 1st period - Matt Stajan is hit by Josh Gorges and loses puck.
2:24 of 1st period - Snap shot by Vladimir Mihalik.
2:24 of 1st period - Stopped by Petr Mrazek with a rebound.
2:38 of 1st period - Jamie Oleksiak is hit by Tyler Toffoli and loses puck.
3:21 of 1st period - Zach Bogosian is hit by Jonathan Sigalet and loses puck.
4:14 of 1st period - Olli Maatta is hit by Ryan O'Reilly and loses puck.
4:19 of 1st period - Snap shot by Teuvo Teravainen.
4:19 of 1st period - Shot Misses the Net.
4:23 of 1st period - Wrist shot by Ryan O'Reilly.
4:23 of 1st period - Stopped by Matt Hackett with a rebound.
4:25 of 1st period - Slapshot by Josh Gorges.
4:25 of 1st period - Stopped by Matt Hackett without a rebound.
4:26 of 1st period - Tyler Toffoli wins face-off versus Luke Glendening in Golden Knights zone.
4:29 of 1st period - Wrist shot by Tyler Toffoli.
4:29 of 1st period - Stopped by Matt Hackett without a rebound.
4:30 of 1st period - Matt Stajan wins face-off versus Alex Galchenyuk in Golden Knights zone.
4:56 of 1st period - Jussi Jokinen is hit by Tom Wilson and loses puck.
5:21 of 1st period - Wrist shot by Drew Stafford.
5:21 of 1st period - Stopped by Matt Hackett with a rebound.
5:23 of 1st period - Snap shot by Max Reinhart.
5:23 of 1st period - Stopped by Matt Hackett with a rebound.
5:25 of 1st period - Slapshot by Drew Stafford.
5:25 of 1st period - Shot Blocked by Zach Bogosian.
6:41 of 1st period - Slapshot by Max Reinhart.
6:41 of 1st period - Shot Blocked by Tom Wilson.
6:47 of 1st period - Wrist shot by Drew Stafford.
6:47 of 1st period - Shot Misses the Net.
6:49 of 1st period - Slapshot by Jake Gardiner.
6:49 of 1st period - Deflect By Andrei Loktionov.
6:49 of 1st period - Stopped by Matt Hackett without a rebound.
6:50 of 1st period - Matt Duchene wins face-off versus Matt Stajan in Golden Knights zone.
7:17 of 1st period - Wrist shot by Oscar Klefbom.
7:17 of 1st period - Stopped by Matt Hackett with a rebound.
7:19 of 1st period - Slapshot by Erik Gudbranson.
7:19 of 1st period - Stopped by Matt Hackett without a rebound.
7:20 of 1st period - Andrei Loktionov wins face-off versus Max Reinhart in Golden Knights zone.
7:29 of 1st period - Backhand shot by Zach Bogosian.
7:29 of 1st period - Shot Blocked by Drew Stafford.
7:53 of 1st period - Snap shot by Alex Galchenyuk.
7:53 of 1st period - Stopped by Matt Hackett with a rebound.
7:55 of 1st period - Snap shot by Erik Gudbranson.
7:55 of 1st period - Stopped by Matt Hackett with a rebound.
7:57 of 1st period - Slapshot by Matt Duchene.
7:57 of 1st period - Stopped by Matt Hackett with a rebound.
7:59 of 1st period - Snap shot by Alex Galchenyuk.
7:59 of 1st period - Stopped by Matt Hackett with a rebound.
8:33 of 1st period - Snap shot by Nail Yakupov.
8:33 of 1st period - Stopped by Matt Hackett with a rebound.
8:37 of 1st period - Wrist shot by Daultan Leveillé.
8:37 of 1st period - Shot Misses the Net.
8:39 of 1st period - Slapshot by Jonathan Sigalet.
8:39 of 1st period - Stopped by Matt Hackett with a rebound.
8:51 of 1st period - Drew Stafford is hit by Andrew Cogliano and loses puck.
9:20 of 1st period - Tyler Toffoli is hit by Eric Gryba.
9:36 of 1st period - Wrist shot by Teuvo Teravainen.
9:36 of 1st period - Stopped by Matt Hackett without a rebound.
9:37 of 1st period - Chris Tierney wins face-off versus Ryan O'Reilly in Golden Knights zone.
9:44 of 1st period - Snap shot by Thomas Vanek.
9:44 of 1st period - Stopped by Petr Mrazek without a rebound.
9:45 of 1st period - Matt Duchene wins face-off versus Chris Tierney in Panthers zone.
10:36 of 1st period - Wrist shot by Tom Wilson.
10:36 of 1st period - Shot Blocked by Jeremy Morin.
10:38 of 1st period - Slapshot by Vladimir Mihalik.
10:38 of 1st period - Shot Blocked by Jake Gardiner.
10:40 of 1st period - Snap shot by Andrew Cogliano.
10:40 of 1st period - Stopped by Petr Mrazek without a rebound.
10:41 of 1st period - Matt Duchene wins face-off versus Matt Stajan in Panthers zone.
10:41 of 1st period - Matt Duchene is hit by Eric Gryba.
10:51 of 1st period - Snap shot by Matt Stajan.
10:51 of 1st period - Stopped by Petr Mrazek with a rebound.
10:53 of 1st period - Slapshot by Eric Gryba.
10:53 of 1st period - Shot Blocked by Dalton Prout.
10:55 of 1st period - Snap shot by Luke Glendening.
10:55 of 1st period - Stopped by Petr Mrazek without a rebound.
10:56 of 1st period - Ryan O'Reilly wins face-off versus Andrei Loktionov in Panthers zone.
11:23 of 1st period - Jake Gardiner is hit by Danny DeKeiser and loses puck.
12:29 of 1st period - Wrist shot by Jussi Jokinen.
12:29 of 1st period - Shot Blocked by Zach Bogosian.
12:44 of 1st period - Off-side.
12:45 of 1st period - Matt Duchene wins face-off versus Andrei Loktionov in neutral zone.
12:48 of 1st period - Backhand shot by Matt Duchene.
12:48 of 1st period - Shot Misses the Net.
13:13 of 1st period - Off-side.
13:14 of 1st period - Ryan O'Reilly wins face-off versus Chris Tierney in neutral zone.
13:17 of 1st period - Thomas Vanek is hit by Ryan O'Reilly and loses puck.
14:04 of 1st period - Snap shot by Ryan O'Reilly.
14:04 of 1st period - Goal by Ryan O'Reilly - Golden Knights : 0 - Panthers : 1.
14:05 of 1st period - Matt Duchene wins face-off versus Andrei Loktionov in neutral zone.
15:57 of 1st period - Jake Gardiner is hit by Andrei Loktionov and loses puck.
16:14 of 1st period - Snap shot by Jake Gardiner.
16:14 of 1st period - Stopped by Matt Hackett with a rebound.
16:16 of 1st period - Slapshot by Daultan Leveillé.
16:16 of 1st period - Shot Misses the Net.
16:18 of 1st period - Wrist shot by Daultan Leveillé.
16:18 of 1st period - Shot Misses the Net.
16:20 of 1st period - Slapshot by Jake Gardiner.
16:20 of 1st period - Shot Misses the Net.
16:22 of 1st period - Slapshot by Jake Gardiner.
16:22 of 1st period - Shot Blocked by Thomas Vanek.
16:34 of 1st period - Snap shot by Tyler Toffoli.
16:34 of 1st period - Stopped by Matt Hackett with a rebound.
17:07 of 1st period - Snap shot by Damien Brunner.
17:07 of 1st period - Stopped by Petr Mrazek without a rebound.
17:08 of 1st period - Ryan O'Reilly wins face-off versus Andrei Loktionov in Panthers zone.
17:08 of 1st period - Ryan O'Reilly is hit by Andrei Loktionov.
17:23 of 1st period - Icing by Andrei Loktionov.
17:24 of 1st period - Andrei Loktionov wins face-off versus Max Reinhart in Golden Knights zone.
17:29 of 1st period - Tom Wilson is hit by Erik Gudbranson and loses puck.
17:38 of 1st period - Wrist shot by Zach Bogosian.
17:38 of 1st period - Shot Blocked by Oscar Klefbom.
17:40 of 1st period - Snap shot by Tom Wilson.
17:40 of 1st period - Stopped by Petr Mrazek without a rebound.
17:41 of 1st period - Matt Stajan wins face-off versus Matt Duchene in Panthers zone.
17:42 of 1st period - Backhand shot by Luke Glendening.
17:42 of 1st period - Shot Blocked by Erik Gudbranson.
18:11 of 1st period - Backhand shot by Zach Bogosian.
18:11 of 1st period - Stopped by Petr Mrazek without a rebound.
18:12 of 1st period - Ryan O'Reilly wins face-off versus Andrei Loktionov in Panthers zone.
18:12 of 1st period - Ryan O'Reilly is hit by Andrei Loktionov.
18:24 of 1st period - Tom Wilson is hit by Jonathan Sigalet and loses puck.
18:39 of 1st period - Andrew Cogliano is hit by Jeremy Morin and loses puck.
18:50 of 1st period - Jeremy Morin is hit by Tom Wilson and loses puck.
19:07 of 1st period - Andrew Cogliano is hit by Oscar Klefbom and loses puck.
19:16 of 1st period - Slapshot by Danny DeKeiser.
19:16 of 1st period - Shot Blocked by Jeremy Morin.
19:18 of 1st period - Slapshot by Tom Wilson.
19:18 of 1st period - Deflect By Andrei Loktionov.
19:18 of 1st period - Goal by Andrei Loktionov - Golden Knights : 1 - Panthers : 1.
19:19 of 1st period - Matt Duchene wins face-off versus Matt Stajan in neutral zone.
Goals for this period are 1 for Golden Knights vs 1 for Panthers.
Shots for this period are 9 for Golden Knights vs 21 for Panthers.
2nd period
0:01 of 2nd period - Matt Duchene wins face-off versus Andrei Loktionov in neutral zone.
0:14 of 2nd period - Icing by Jake Gardiner.
0:15 of 2nd period - Luke Glendening wins face-off versus Tyler Toffoli in Panthers zone.
0:22 of 2nd period - Matt Duchene is hit by Matt Stajan and loses puck.
1:06 of 2nd period - Thomas Vanek is hit by Erik Gudbranson and loses puck.
1:49 of 2nd period - Slapshot by Martin Hanzal.
1:49 of 2nd period - Stopped by Petr Mrazek with a rebound.
2:07 of 2nd period - Eric Gryba is hit by Teuvo Teravainen.
2:31 of 2nd period - Drew Stafford is hit by Andrei Loktionov and loses puck.
3:37 of 2nd period - Slapshot by Teuvo Teravainen.
3:37 of 2nd period - Shot Misses the Net.
3:47 of 2nd period - Double Minor Penalty to Zach Bogosian for High sticking.
3:48 of 2nd period - Andrei Loktionov wins face-off versus Matt Duchene in Golden Knights zone.
4:23 of 2nd period - Slapshot by Teuvo Teravainen.
4:23 of 2nd period - Shot Misses the Net.
5:18 of 2nd period - Kellan Lain is hit by Ryan O'Reilly and loses puck.
6:03 of 2nd period - Drew Stafford is hit by Danny DeKeiser and loses puck.
6:10 of 2nd period - Chris Tierney is hit by Dany Heatley and loses puck.
7:25 of 2nd period - Teuvo Teravainen is hit by Chris Tierney.
7:47 of 2nd period - Penalty to Zach Bogosian is over, Zach Bogosian is back on ice.
8:10 of 2nd period - Snap shot by Chris Tierney.
8:10 of 2nd period - Goal by Chris Tierney - Golden Knights : 2 - Panthers : 1.
8:11 of 2nd period - Ryan O'Reilly wins face-off versus Andrei Loktionov in neutral zone.
8:16 of 2nd period - Slapshot by Andrei Loktionov.
8:16 of 2nd period - Deflect By Tom Wilson.
8:16 of 2nd period - Shot Misses the Net.
8:16 of 2nd period - Puck is out of play.
8:17 of 2nd period - Ryan O'Reilly wins face-off versus Andrei Loktionov in Panthers zone.
8:30 of 2nd period - Wrist shot by Andrei Loktionov.
8:30 of 2nd period - Stopped by Petr Mrazek with a rebound.
8:32 of 2nd period - Snap shot by Tom Wilson.
8:32 of 2nd period - Stopped by Petr Mrazek with a rebound.
8:51 of 2nd period - Snap shot by Matt Stajan.
8:51 of 2nd period - Shot Misses the Net.
9:09 of 2nd period - Slapshot by Zach Bogosian.
9:09 of 2nd period - Shot Blocked by Jonathan Sigalet.
9:22 of 2nd period - Jonathan Sigalet is hit by Thomas Vanek and loses puck.
9:29 of 2nd period - Wrist shot by Damien Brunner.
9:29 of 2nd period - Goal by Damien Brunner - Golden Knights : 3 - Panthers : 1.
9:30 of 2nd period - Matt Duchene wins face-off versus Andrei Loktionov in neutral zone.
9:52 of 2nd period - Minor Penalty to Andrew Cogliano for Interference.
9:53 of 2nd period - Matt Duchene wins face-off versus Andrei Loktionov in Golden Knights zone.
10:02 of 2nd period - Wrist shot by Matt Duchene.
10:02 of 2nd period - Shot Misses the Net.
10:04 of 2nd period - Snap shot by Alex Galchenyuk.
10:04 of 2nd period - Shot Misses the Net.
10:06 of 2nd period - Slapshot by Oscar Klefbom.
10:06 of 2nd period - Shot Misses the Net.
10:08 of 2nd period - Slapshot by Erik Gudbranson.
10:08 of 2nd period - Stopped by Matt Hackett with a rebound.
11:52 of 2nd period - Penalty to Andrew Cogliano is over, Andrew Cogliano is back on ice.
11:54 of 2nd period - Danny DeKeiser is hit by Dalton Prout and loses puck.
15:30 of 2nd period - Olli Maatta is hit by Daultan Leveillé.
15:48 of 2nd period - Slapshot by Mathew Dumba.
15:48 of 2nd period - Shot Misses the Net.
15:50 of 2nd period - Slapshot by Zach Bogosian.
15:50 of 2nd period - Stopped by Petr Mrazek without a rebound.
15:51 of 2nd period - Matt Duchene wins face-off versus Chris Tierney in Panthers zone.
16:18 of 2nd period - Damien Brunner is hit by Josh Gorges and loses puck.
16:46 of 2nd period - Wrist shot by Damien Brunner.
16:46 of 2nd period - Stopped by Petr Mrazek with a rebound.
16:50 of 2nd period - Slapshot by Thomas Vanek.
16:50 of 2nd period - Stopped by Petr Mrazek with a rebound.
17:10 of 2nd period - Backhand shot by Chris Tierney.
17:10 of 2nd period - Shot Misses the Net.
17:12 of 2nd period - Slapshot by Damien Brunner.
17:12 of 2nd period - Goal by Damien Brunner - Golden Knights : 4 - Panthers : 1.
17:12 of 2nd period - Tyler Weiman enters game.
17:13 of 2nd period - Andrei Loktionov wins face-off versus Matt Duchene in neutral zone.
17:28 of 2nd period - Snap shot by Alex Galchenyuk.
17:28 of 2nd period - Shot Misses the Net.
17:30 of 2nd period - Snap shot by Alex Galchenyuk.
17:30 of 2nd period - Goal by Alex Galchenyuk - Golden Knights : 4 - Panthers : 2.
17:31 of 2nd period - Matt Duchene wins face-off versus Andrei Loktionov in neutral zone.
17:48 of 2nd period - Snap shot by Tyler Toffoli.
17:48 of 2nd period - Stopped by Matt Hackett without a rebound.
17:49 of 2nd period - Matt Stajan wins face-off versus Ryan O'Reilly in Golden Knights zone.
17:56 of 2nd period - Ryan O'Reilly is hit by Kellan Lain and loses puck.
18:03 of 2nd period - Backhand shot by Erik Gudbranson.
18:03 of 2nd period - Deflect By Teuvo Teravainen.
18:03 of 2nd period - Shot Misses the Net.
18:03 of 2nd period - Puck is out of play.
18:04 of 2nd period - Andrei Loktionov wins face-off versus Matt Duchene in Golden Knights zone.
18:30 of 2nd period - Kellan Lain is hit by Teuvo Teravainen and loses puck.
18:55 of 2nd period - Snap shot by Andrei Loktionov.
18:55 of 2nd period - Stopped by Tyler Weiman with a rebound.
19:18 of 2nd period - Minor Penalty to Olli Maatta for Interference.
19:19 of 2nd period - Matt Duchene wins face-off versus Andrei Loktionov in Golden Knights zone.
19:27 of 2nd period - Snap shot by Andrew Cogliano.
19:27 of 2nd period - Stopped by Tyler Weiman with a rebound.
19:49 of 2nd period - Slapshot by Jake Gardiner.
19:49 of 2nd period - Shot Blocked by Matt Stajan.
19:51 of 2nd period - Slapshot by Ryan O'Reilly.
19:51 of 2nd period - Goal by Ryan O'Reilly - Golden Knights : 4 - Panthers : 3.
19:52 of 2nd period - Matt Duchene wins face-off versus Andrei Loktionov in neutral zone.
19:54 of 2nd period - Off-side.
19:55 of 2nd period - Matt Duchene wins face-off versus Andrei Loktionov in neutral zone.
Goals for this period are 3 for Golden Knights vs 2 for Panthers.
Shots for this period are 11 for Golden Knights vs 4 for Panthers.
3rd period
0:01 of 3rd period - Tom Wilson wins face-off versus Matt Duchene in neutral zone.
0:15 of 3rd period - Wrist shot by Tyler Toffoli.
0:15 of 3rd period - Stopped by Matt Hackett with a rebound.
0:23 of 3rd period - Minor Penalty to Matt Duchene for Goalie Interference.
0:24 of 3rd period - Andrei Loktionov wins face-off versus Max Reinhart in Panthers zone.
0:27 of 3rd period - Wrist shot by Andrei Loktionov.
0:27 of 3rd period - Shot Misses the Net.
0:57 of 3rd period - Max Reinhart is hit by Eric Gryba and loses puck.
1:38 of 3rd period - Danny DeKeiser is hit by Dalton Prout and loses puck.
2:23 of 3rd period - Penalty to Matt Duchene is over, Matt Duchene is back on ice.
2:43 of 3rd period - Snap shot by Andrei Loktionov.
2:43 of 3rd period - Stopped by Tyler Weiman without a rebound.
2:44 of 3rd period - Ryan O'Reilly wins face-off versus Matt Stajan in Panthers zone.
3:18 of 3rd period - Wrist shot by Chris Tierney.
3:18 of 3rd period - Deflect By Thomas Vanek.
3:18 of 3rd period - Shot Misses the Net.
3:18 of 3rd period - Puck is out of play.
3:19 of 3rd period - Matt Stajan wins face-off versus Matt Duchene in Panthers zone.
3:24 of 3rd period - Vladimir Mihalik is hit by Alex Galchenyuk and loses puck.
3:33 of 3rd period - Snap shot by Kellan Lain.
3:33 of 3rd period - Shot Blocked by Dalton Prout.
3:39 of 3rd period - Dalton Prout is hit by Kellan Lain and loses puck.
3:54 of 3rd period - Snap shot by Chris Tierney.
3:54 of 3rd period - Shot Misses the Net.
4:37 of 3rd period - Snap shot by Nail Yakupov.
4:37 of 3rd period - Stopped by Matt Hackett with a rebound.
4:49 of 3rd period - Slapshot by Danny DeKeiser.
4:49 of 3rd period - Stopped by Tyler Weiman without a rebound.
4:50 of 3rd period - Matt Duchene wins face-off versus Chris Tierney in Panthers zone.
5:03 of 3rd period - Snap shot by Alex Galchenyuk.
5:03 of 3rd period - Shot Blocked by Mathew Dumba.
5:05 of 3rd period - Backhand shot by Oscar Klefbom.
5:05 of 3rd period - Shot Blocked by Damien Brunner.
5:12 of 3rd period - Icing by Zach Bogosian.
5:13 of 3rd period - Andrei Loktionov wins face-off versus Ryan O'Reilly in Golden Knights zone.
5:24 of 3rd period - Wrist shot by Andrew Cogliano.
5:24 of 3rd period - Stopped by Tyler Weiman with a rebound.
5:26 of 3rd period - Slapshot by Zach Bogosian.
5:26 of 3rd period - Stopped by Tyler Weiman with a rebound.
5:28 of 3rd period - Slapshot by Andrei Loktionov.
5:28 of 3rd period - Shot Misses the Net.
5:34 of 3rd period - Minor Penalty to Jussi Jokinen for High sticking.
5:35 of 3rd period - Max Reinhart wins face-off versus Andrei Loktionov in Panthers zone.
6:11 of 3rd period - Icing by Danny DeKeiser.
6:12 of 3rd period - Damien Brunner wins face-off versus Ryan O'Reilly in Golden Knights zone.
6:19 of 3rd period - Wrist shot by Andrew Cogliano.
6:19 of 3rd period - Stopped by Tyler Weiman with a rebound.
7:10 of 3rd period - Andrei Loktionov is hit by Dany Heatley and loses puck.
7:27 of 3rd period - Dalton Prout is hit by Zach Bogosian and loses puck.
7:34 of 3rd period - Penalty to Jussi Jokinen is over, Jussi Jokinen is back on ice.
7:52 of 3rd period - Wrist shot by Jussi Jokinen.
7:52 of 3rd period - Shot Misses the Net.
9:02 of 3rd period - Minor Penalty to Martin Hanzal for Roughing.
9:03 of 3rd period - Ryan O'Reilly wins face-off versus Andrei Loktionov in Golden Knights zone.
9:04 of 3rd period - Wrist shot by Jussi Jokinen.
9:04 of 3rd period - Stopped by Matt Hackett with a rebound.
9:06 of 3rd period - Slapshot by Jussi Jokinen.
9:06 of 3rd period - Stopped by Matt Hackett without a rebound.
9:07 of 3rd period - Andrei Loktionov wins face-off versus Ryan O'Reilly in Golden Knights zone.
9:39 of 3rd period - Oscar Klefbom is hit by Zach Bogosian and loses puck.
10:09 of 3rd period - Icing by Jake Gardiner.
10:10 of 3rd period - Matt Duchene wins face-off versus Matt Stajan in Panthers zone.
10:17 of 3rd period - Slapshot by Zach Bogosian.
10:17 of 3rd period - Shot Blocked by Jake Gardiner.
10:23 of 3rd period - Mathew Dumba is hit by Dalton Prout.
10:41 of 3rd period - Snap shot by Andrew Cogliano.
10:41 of 3rd period - Shot Misses the Net.
10:43 of 3rd period - Slapshot by Mathew Dumba.
10:43 of 3rd period - Shot Blocked by Oscar Klefbom.
10:45 of 3rd period - Slapshot by Zach Bogosian.
10:45 of 3rd period - Shot Hit the Post.
11:02 of 3rd period - Penalty to Martin Hanzal is over, Martin Hanzal is back on ice.
11:03 of 3rd period - Icing by Andrew Cogliano.
11:04 of 3rd period - Andrei Loktionov wins face-off versus Matt Duchene in Golden Knights zone.
11:13 of 3rd period - Wrist shot by Andrew Cogliano.
11:13 of 3rd period - Shot Misses the Net.
11:51 of 3rd period - Snap shot by Eric Gryba.
11:51 of 3rd period - Deflect By Damien Brunner.
11:51 of 3rd period - Stopped by Tyler Weiman without a rebound.
11:52 of 3rd period - Chris Tierney wins face-off versus Max Reinhart in Panthers zone.
11:53 of 3rd period - Snap shot by Damien Brunner.
11:53 of 3rd period - Goal by Damien Brunner - Golden Knights : 5 - Panthers : 3.
11:54 of 3rd period - Matt Duchene wins face-off versus Andrei Loktionov in neutral zone.
12:21 of 3rd period - Kellan Lain is hit by Erik Gudbranson and loses puck.
12:26 of 3rd period - Snap shot by Jussi Jokinen.
12:26 of 3rd period - Stopped by Matt Hackett with a rebound.
12:34 of 3rd period - Snap shot by Ryan O'Reilly.
12:34 of 3rd period - Shot Blocked by Zach Bogosian.
12:48 of 3rd period - Slapshot by Damien Brunner.
12:48 of 3rd period - Stopped by Tyler Weiman with a rebound.
12:50 of 3rd period - Slapshot by Eric Gryba.
12:50 of 3rd period - Stopped by Tyler Weiman with a rebound.
12:52 of 3rd period - Wrist shot by Thomas Vanek.
12:52 of 3rd period - Stopped by Tyler Weiman without a rebound.
12:53 of 3rd period - Matt Duchene wins face-off versus Andrei Loktionov in Panthers zone.
12:53 of 3rd period - Matt Duchene is hit by Andrew Cogliano.
13:07 of 3rd period - Snap shot by Alex Galchenyuk.
13:07 of 3rd period - Shot Misses the Net.
13:09 of 3rd period - Slapshot by Erik Gudbranson.
13:09 of 3rd period - Stopped by Matt Hackett with a rebound.
13:19 of 3rd period - Teuvo Teravainen is hit by Matt Stajan.
13:40 of 3rd period - Damien Brunner is hit by Jeremy Morin and loses puck.
14:26 of 3rd period - Slapshot by Matt Duchene.
14:26 of 3rd period - Stopped by Matt Hackett without a rebound.
14:27 of 3rd period - Andrei Loktionov wins face-off versus Matt Duchene in Golden Knights zone.
14:52 of 3rd period - Oscar Klefbom is hit by Eric Gryba and loses puck.
15:19 of 3rd period - Slapshot by Max Reinhart.
15:19 of 3rd period - Stopped by Matt Hackett with a rebound.
15:34 of 3rd period - Slapshot by Oscar Klefbom.
15:34 of 3rd period - Stopped by Matt Hackett with a rebound.
15:52 of 3rd period - Oscar Klefbom is hit by Kellan Lain.
15:56 of 3rd period - Slapshot by Erik Gudbranson.
15:56 of 3rd period - Shot Blocked by Kellan Lain.
16:20 of 3rd period - Eric Gryba is hit by Jeremy Morin.
17:20 of 3rd period - Zach Bogosian is hit by Matt Duchene and loses puck.
17:25 of 3rd period - Slapshot by Matt Duchene.
17:25 of 3rd period - Stopped by Matt Hackett with a rebound.
17:35 of 3rd period - Slapshot by Zach Bogosian.
17:35 of 3rd period - Deflect By Jeremy Morin.
17:35 of 3rd period - Stopped by Tyler Weiman with a rebound.
17:39 of 3rd period - Snap shot by Damien Brunner.
17:39 of 3rd period - Shot Misses the Net.
17:41 of 3rd period - Snap shot by Thomas Vanek.
17:41 of 3rd period - Shot Blocked by Dalton Prout.
17:43 of 3rd period - Wrist shot by Zach Bogosian.
17:43 of 3rd period - Shot Blocked by Jake Gardiner.
17:45 of 3rd period - Slapshot by Thomas Vanek.
17:45 of 3rd period - Shot Misses the Net.
17:47 of 3rd period - Slapshot by Zach Bogosian.
17:47 of 3rd period - Stopped by Tyler Weiman with a rebound.
17:49 of 3rd period - Slapshot by Chris Tierney.
17:49 of 3rd period - Stopped by Tyler Weiman with a rebound.
18:03 of 3rd period - Matt Stajan is hit by Ryan O'Reilly and loses puck.
18:21 of 3rd period - Slapshot by Vladimir Mihalik.
18:21 of 3rd period - Shot Misses the Net.
18:27 of 3rd period - Vladimir Mihalik is hit by Alex Galchenyuk and loses puck.
18:57 of 3rd period - Snap shot by Nail Yakupov.
18:57 of 3rd period - Stopped by Matt Hackett with a rebound.
18:59 of 3rd period - Wrist shot by Daultan Leveillé.
18:59 of 3rd period - Shot Blocked by Andrei Loktionov.
19:01 of 3rd period - Slapshot by Dalton Prout.
19:01 of 3rd period - Shot Misses the Net.
19:09 of 3rd period - Minor Penalty to Dany Heatley for Interference.
19:10 of 3rd period - Andrei Loktionov wins face-off versus Max Reinhart in Panthers zone.
19:11 of 3rd period - Slapshot by Zach Bogosian.
19:11 of 3rd period - Stopped by Tyler Weiman with a rebound.
Goals for this period are 1 for Golden Knights vs 0 for Panthers.
Shots for this period are 14 for Golden Knights vs 11 for Panthers.